 Dungeon Sprint DCSS version 0.27-a0-1136-g0b992a5a9d (webtiles) character file.

Game seed: 5234231934671507019

14282 mhtbhm the Scorcher (level 11, -7/55 HPs)
             Began as a Deep Elf Fire Elementalist on May 3, 2021.
             Was the Champion of Vehumet.
             Killed from afar by a yellow draconian (8 damage)
             ... with a glob of acid
             ... in the Dungeon (Sprint V: "Ziggurat Sprint") on May 4, 2021.
             The game lasted 00:13:22 (1490 turns).

mhtbhm the Scorcher (Deep Elf Fire Elementalist)    Turns: 1490, Time: 00:13:23

Health: -7/55      AC:  2    Str:  7    XL:     11   Next: 86%
Magic:  39/44      EV: 18    Int: 43    God:    Vehumet [******]
Gold:   0          SH:  0    Dex: 15    Spells: 26/47 levels left

rFire    + . .     SeeInvis .   C - +8 lance "Wyrmbane" {slay drac, rPois rF+ rC+ AC+3}
rCold    + . .     Faith    .   (no shield)
rNeg     + . .     Spirit   .   a - +1 robe of Jankiod {Int+5}
rPois    +         Reflect  .   (no helmet)
rElec    .         Harm     .   (no cloak)
rCorr    .         Rampage  .   (no gloves)
Will     +....     NoTele   +   (no boots)
Stlth    ++++......             (no amulet)
HPRegen  0.18/turn              u - +6 ring of intelligence
MPRegen  0.29/turn              r - ring "Saomiob" {Drain rN+ MP+9 Str+2 Int+8}

@: corroded, studying Dodging
A: no striking features
a: Renounce Religion


You were in the Dungeon.
You worshipped Vehumet.
Vehumet was exalted by your worship.
You visited 1 branch

Inventory:

Hand Weapons
 C - the +8 lance "Wyrmbane" (weapon) {slay drac, rPois rF+ rC+ AC+3}
   (You found it in the Dungeon)

   It affects your AC (+3).
   It protects you from fire.
   It protects you from cold.
   It protects you from poison.
Armour
 a - the +1 robe of Jankiod (worn) {Int+5}
   (You found it in the Dungeon)

   It affects your intelligence (+5).
Jewellery
 r - the ring "Saomiob" (right hand) {Drain rN+ MP+9 Str+2 Int+8}
   (You found it in the Dungeon)

   [ring of magical power]

   It affects your strength (+2).
   It affects your intelligence (+8).
   It protects you from negative energy.
   It affects your magic capacity (+9).
   It drains your maximum health when unequipped.
 u - a +6 ring of intelligence (left hand)
Wands
 A - a wand of acid (5)
Scrolls
 h - 3 scrolls of blinking
 m - 4 scrolls of amnesia
 n - 7 scrolls of fog
 o - a scroll of holy word
 p - 5 scrolls of identify
 E - 3 scrolls of brand weapon
Potions
 b - 2 potions of brilliance
 c - 10 potions of curing
 d - 11 potions of heal wounds
 e - 6 potions of haste
 f - 7 potions of magic
 g - 3 potions of berserk rage
 i - 2 potions of invisibility
 j - 4 potions of resistance
 k - a potion of experience
 l - 6 potions of might
Miscellaneous
 q - a condenser vane (inert)
 B - a lightning rod (4/4)


   Skills:
 + Level 0.8 Fighting
 + Level 11.8 Dodging
 + Level 10.1 Stealth
 + Level 18.5 Spellcasting
 + Level 11.7 Conjurations
 + Level 18.8 Fire Magic
 + Level 12.0 Evocations


You had 26 spell levels left.
You knew the following spells:

 Your Spells              Type           Power      Damage    Failure   Level
a - Foxfire               Conj/Fire      100%       2x1d9     0%          1
b - Conjure Flame         Conj/Fire      100%       6-21      0%          3
c - Inner Flame           Hex/Fire       88%        N/A       1%          3
d - Sticky Flame          Conj/Fire      100%       2d11      0%          4
e - Fireball              Conj/Fire      53%        3d21      1%          5
f - Bolt of Magma         Conj/Fire/Erth 45%        4d19      1%          5

Your spell library contained the following spells:

 Spells                   Type           Power      Damage    Failure   Level
 Magic Dart               Conj           100%       1d8       0%          1
 Blink                    Tloc           N/A        N/A       1%          2
 Call Imp                 Summ           39%        N/A       1%          2
 Slow                     Hex            39%        N/A       1%          2
 Static Discharge         Conj/Air       74%        N/A       1%          2
 Confusing Touch          Hex            39%        N/A       1%          3
 Gell's Gravitas          Tloc           19%        N/A       1%          3
 Ignite Poison            Fire/Tmut/Pois 76%        N/A       1%          3
 Lesser Beckoning         Tloc           19%        N/A       1%          3
 Mephitic Cloud           Conj/Pois/Air  65%        N/A       1%          3
 Teleport Other           Tloc           39%        N/A       1%          3
 Tukima's Dance           Hex            39%        N/A       1%          3
 Iskenderun's Battlesphe  Conj           96%        2d14      1%          5
 Conjure Ball Lightning   Conj/Air       37%        3x3d12    2%          6
 Yara's Violent Unravell  Hex/Tmut       19%        3d9       4%          5
 Animate Dead             Necr           19%        N/A       6%          4
 Cause Fear               Hex            19%        N/A       6%          4
 Leda's Liquefaction      Hex/Erth       19%        N/A       6%          4
 Petrify                  Tmut/Erth      39%        N/A       6%          4
 Borgnjor's Vile Clutch   Necr/Erth      19%        N/A       17%         5
 Manifold Assault         Tloc           39%        N/A       17%         5
 Metabolic Englaciation   Hex/Ice        19%        N/A       17%         5
 Summon Forest            Summ/Tloc      19%        N/A       17%         5
 Summon Mana Viper        Hex/Summ       39%        N/A       17%         5
 Death Channel            Necr           19%        N/A       67%         6
 Shadow Creatures         Summ           N/A        N/A       67%         6
 Simulacrum               Ice/Necr       19%        N/A       67%         6
 Dragon Form              Tmut           19%        N/A       99%         7
 Haunt                    Necr/Summ      19%        N/A       99%         7
 Malign Gateway           Summ/Tloc      19%        N/A       99%         7
 Monstrous Menagerie      Summ           19%        N/A       99%         7
 Summon Hydra             Summ           19%        N/A       99%         7
 Summon Horrible Things   Summ           19%        N/A       100%        8
 Dragon's Call            Summ           19%        N/A       100%        9


Dungeon Overview and Level Annotations

Branches:
Dungeon (1/1)

Altars:
Ashenzari
Cheibriados
Dithmenos
Elyvilon
Fedhas
Gozag
Hepliaklqana
Kikubaaqudgha
Makhleb
Nemelex Xobeh
Okawaru
Qazlal
Ru
Sif Muna
Trog
Uskayaw
Vehumet
Wu Jian
Xom
Yredelemnul
Zin
The Shining One
Beogh
Jiyva
Lugonu


Message History

The Orb Guardian is engulfed in poison gas.
The Orb Guardian looks even sicker.
The yellow draconian is engulfed in poison gas.
The yellow draconian is poisoned.
The red draconian breathes fire at you. The searing blast hits you! You resist.
The yellow draconian is engulfed in poison gas.
The yellow draconian looks even sicker.
The yellow draconian is engulfed in poison gas.
The yellow draconian looks even sicker.
The purple draconian is engulfed in poison gas.
The purple draconian is poisoned.
The Orb Guardian is engulfed in poison gas.
The Orb Guardian looks as sick as possible!
Unknown command.
Casting: Fireball (safe; 1% risk of failure)
Confirm with . or Enter, or press ? or * to list all spells.
Aiming: Fireball (safe; 1% risk of failure)
Press: ? - help, Shift-Dir - straight line
Okay, then.
Unknown command.
Blink to where?
Press: ? - help, Dir - move target
As you read the scroll of blinking, it crumbles to dust.
The Orb Guardian looks as sick as possible!
The Orb Guardian looks even sicker.
The yellow draconian is engulfed in poison gas.
The yellow draconian looks as sick as possible!
The yellow draconian is engulfed in poison gas.
The yellow draconian looks even sicker.
The yellow draconian throws acid at you.
The glob of acid hits you!
* * * LOW HITPOINT WARNING * * *
The acid corrodes you!
You are splashed with acid!
* * * LOW HITPOINT WARNING * * *
The yellow draconian is engulfed in poison gas.
The yellow draconian looks even sicker.
The yellow draconian throws acid at you.
The glob of acid hits you!
You die...

▓...[|)...▓..[}.
▓.........▓.....
▓....)....▓.....
▓....)....▓.....
▓.........▓.....
▓▓▓▓▓▓▓▓▓.........▓.▓...
.8©8....▓....©....▓...©.
.}[}}:..▓▓▓▓▓▓▓▓▓▓▓▓▓▓▓▓
▓...§D§§§§§@▓...8©8...▓..8©8
▓...§§d§§§d.▓...[.....▓..[=.
▓...dXddd§..▓....=)...▓..).|
▓.....d.....▓.........▓...†.
▓....°XX....▓.........▓.....
..▓.☼8○.▓..▓.........▓.....
▓.▓°○☼▓.▓.▓.........▓.....
▓..▓.○○☼.▓..▓.▓.....▓.▓.▓...
▓.....§.....▓....©....▓...©.


You could see an electric golem (corroded), a golden dragon, 3 draconians, 2
draconians, a purple draconian (poisoned), a red draconian (very poisoned) and 3
Orb Guardians.

Vanquished Creatures
  A reaper (D)
  A hydra (D)
  3 spriggans (D)
  2 spriggan druids (D)
  3 wolf spiders (D)
  A shining eye (D)
  4 draconians (D)
  2 rust devils (D)
  An eye of devastation (D)
  4 cane toads (D)
  A hellion (D)
  A komodo dragon (D)
  3 tormentors (D)
  2 yaktaurs (D)
  A red devil (D)
  A hornet (D)
  A blink frog (D)
  2 jumping spiders (D)
  A slime creature (D)
  A tarantella (D)
  A hell hound (D)
  4 necrophages (D)
  7 wolves (D)
  7 black bears (D)
  2 centaurs (D)
  3 phantoms (D)
  3 scorpions (D)
  2 wights (D)
  2 jellies (D)
  An iron imp (D)
  An iguana (D)
  A river rat (D)
  A bat zombie (D)
  An endoplasm (D)
  A jackal (D)
  3 ball python zombies (D)
76 creatures vanquished.

Vanquished Creatures (others)
  4 foxfires (D)
4 creatures vanquished.

Grand Total: 80 creatures vanquished

Notes
Turn   | Place    | Note
-------+----------+-------------------------------------------
     0 | D        | mhtbhm the Deep Elf Fire Elementalist began the quest for
                  | the Orb.
     0 | D        | Reached XP level 1. HP: 10/10 MP: 6/6
     0 | D        | Found a shimmering blue altar of Sif Muna.
     0 | D        | Found a bloodstained altar of Trog.
     0 | D        | Found a sacrificial altar of Ru.
     0 | D        | Found a stormy altar of Qazlal.
     0 | D        | Found an iron altar of Okawaru.
     1 | D        | Found a sparkling altar of Nemelex Xobeh.
     1 | D        | Found a blossoming altar of Fedhas.
     2 | D        | Found the +6 Majin-Bo {vamp, MP+6 Int+6}
     2 | D        | Found the +9 heavy crossbow "Sniper" {vorpal, Acc+∞ SInv}
     2 | D        | Found the +10 dark maul {vorpal}
     2 | D        | Found the +15 Maxwell's patent armour {-Cast -Tele rElec
                  | Will+ rCorr}
     2 | D        | Found the +18 shield of the Gong {rElec rN+ Will+ EV-5}
     2 | D        | Found the +14 obsidian axe {vorpal, Drain Fly SInv}
     2 | D        | Found the +7 great mace "Firestarter" {inner flame, rF++}
     2 | D        | Found the +6 shillelagh "Devastator" {shatter}
     2 | D        | Found the +11 plutonium sword {Contam Stlth-}
     2 | D        | Found the +8 lance "Wyrmbane" {slay drac, rPois rF+ rC+
                  | AC+3}
     2 | D        | Found the +9 sword of Zonguldrok {reap}
     2 | D        | Found the +13 scythe of Curses {drain, Drain}
     2 | D        | Found the +5 sword of Power {vorpal}
     2 | D        | Found the +7 mace of Variability {chain chaos}
     2 | D        | Found the +7 Singing Sword {vorpal, sonic wave}
     2 | D        | Found the +8 storm bow {elec, penet}
     3 | D        | Found a transporter.
     3 | D        | Found an ancient bone altar of Kikubaaqudgha.
     3 | D        | Found a viscous altar of Jiyva.
     3 | D        | Found a corrupted altar of Lugonu.
     3 | D        | Found a hazy altar of Hepliaklqana.
     3 | D        | Found a burning altar of Makhleb.
     3 | D        | Found an opulent altar of Gozag.
    35 | D        | Became a worshipper of Vehumet
    49 | D        | Entered arena 2.
    49 | D        | Noticed a necrophage
    49 | D        | Found a transporter.
    52 | D        | Killed a necrophage
    53 | D        | Reached skill level 5 in Spellcasting
    53 | D        | Reached skill level 1 in Evocations
    53 | D        | Reached XP level 2. HP: 15/15 MP: 6/10
    53 | D        | Reached XP level 3. HP: 19/19 MP: 7/12
    53 | D        | Reached XP level 4. HP: 24/24 MP: 7/13
   107 | D        | Learned a level 3 spell: Conjure Flame
   111 | D        | Learned a level 3 spell: Inner Flame
   116 | D        | Learned a level 4 spell: Sticky Flame
   117 | D        | Entered arena 3.
   117 | D        | Found a transporter.
   118 | D        | Reached * piety under Vehumet
   118 | D        | Offered knowledge of Magic Dart by Vehumet.
   147 | D        | Entered arena 4.
   147 | D        | Noticed a draconian
   147 | D        | Noticed a draconian
   147 | D        | Noticed a draconian
   147 | D        | Noticed a draconian
   147 | D        | Found a transporter.
   160 | D        | Killed a draconian
   160 | D        | Reached ** piety under Vehumet
   160 | D        | Killed a draconian
   161 | D        | Reached skill level 10 in Spellcasting
   161 | D        | Reached skill level 5 in Evocations
   161 | D        | Reached XP level 5. HP: 28/28 MP: 14/19
   161 | D        | Reached XP level 6. HP: 32/32 MP: 15/21
   161 | D        | Reached XP level 7. HP: 36/36 MP: 15/22
   165 | D        | Killed a draconian
   166 | D        | Reached XP level 8. HP: 22/41 MP: 9/25
   166 | D        | Killed a draconian
   337 | D        | Learned a level 5 spell: Fireball
   337 | D        | Entered arena 5.
   337 | D        | Noticed a yaktaur
   337 | D        | Noticed a yaktaur
   337 | D        | Found a transporter.
   339 | D        | Offered knowledge of Freeze by Vehumet.
   339 | D        | Reached *** piety under Vehumet
   340 | D        | Killed a yaktaur
   341 | D        | Killed a yaktaur
   342 | D        | Reached XP level 9. HP: 6/45 MP: 11/27
   463 | D        | Entered arena 6.
   463 | D        | Found a transporter.
   464 | D        | Reached **** piety under Vehumet
   465 | D        | Reached skill level 15 in Fire Magic
   465 | D        | Reached ***** piety under Vehumet
   496 | D        | Entered arena 7.
   496 | D        | Noticed an eye of devastation
   496 | D        | Noticed a shining eye
   497 | D        | Found the brooch of Shielding {Spirit SH+8}
   498 | D        | Reached skill level 10 in Dodging
   499 | D        | Killed a shining eye
   499 | D        | Killed an eye of devastation
   584 | D        | Found a transporter.
   603 | D        | Entered arena 8.
   604 | D        | Offered knowledge of Stone Arrow by Vehumet.
   605 | D        | Reached ****** piety under Vehumet
   606 | D        | Found a transporter.
   616 | D        | Got the Reference Book on Air and Execration
   639 | D        | Entered arena 9.
   639 | D        | Noticed a spriggan rider
   639 | D        | Noticed a spriggan druid
   639 | D        | Noticed a spriggan druid
   641 | D        | Reached skill level 5 in Conjurations
   641 | D        | Reached XP level 10. HP: 50/50 MP: 25/29
   641 | D        | Killed a spriggan druid
   642 | D        | Killed a spriggan rider
   643 | D        | Reached skill level 10 in Evocations
   643 | D        | Killed a spriggan druid
   644 | D        | Reached skill level 10 in Stealth
   645 | D        | Found a transporter.
   689 | D        | Got the +1 robe of Jankiod {Int+5}
   712 | D        | Entered arena 10.
   712 | D        | Noticed a wolf spider
   712 | D        | Noticed a wolf spider
   712 | D        | Noticed a wolf spider
   715 | D        | Reached skill level 15 in Spellcasting
   715 | D        | Killed a wolf spider
   716 | D        | Killed a wolf spider
   719 | D        | Killed a wolf spider
   722 | D        | Reached XP level 11. HP: 24/54 MP: 19/32
   886 | D        | Found a transporter.
   896 | D        | Got the ring "Saomiob" {Drain rN+ MP+9 Str+2 Int+8}
   947 | D        | Entered arena 11.
   948 | D        | Identified the ring "Xisayt" {rElec rPois Int+3 Dex+6
                  | Slay-2}
   949 | D        | Offered knowledge of Ignite Poison by Vehumet.
  1027 | D        | Found a transporter.
  1040 | D        | Got the ring of Suspicion {rN+ EV+4 Str+2}
  1056 | D        | Entered arena 12.
  1056 | D        | Noticed a reaper
  1057 | D        | Found the +3 Elemental Staff {rElec rF++ rC++ Will++ AC+5}
  1059 | D        | Killed a reaper
  1060 | D        | Reached skill level 10 in Conjurations
  1073 | D        | Upgraded the game from 0.27-a0-1119-gbf574a6a6b to
                  | 0.27-a0-1136-g0b992a5a9d
  1188 | D        | Found a transporter.
  1204 | D        | Got Kiunt's Compendium of Lethal Poisoning
  1220 | D        | Entered arena 13.
  1221 | D        | Noticed a four-headed hydra
  1222 | D        | Offered knowledge of Bolt of Magma by Vehumet.
  1226 | D        | Killed a four-headed hydra
  1458 | D        | Found the +9 staff of Wucad Mu {*channel}
  1458 | D        | Found a transporter.
  1478 | D        | Learned a level 5 spell: Bolt of Magma
  1485 | D        | Entered arena 14.
  1486 | D        | Noticed a golden dragon
  1486 | D        | Noticed an Orb Guardian
  1486 | D        | Noticed a green draconian
  1486 | D        | Noticed an Orb Guardian
  1486 | D        | Noticed a red draconian
  1486 | D        | Noticed an Orb Guardian
  1486 | D        | Noticed an electric golem
  1486 | D        | Noticed a yellow draconian
  1487 | D        | Identified the ring of Beauty {Will+ Str+2 Int+6}
  1487 | D        | Noticed a purple draconian
  1487 | D        | Noticed a green draconian
  1487 | D        | Noticed a yellow draconian
  1488 | D        | Noticed a yellow draconian
  1490 | D        | Found a transporter.
  1490 | D        | HP: 1/55 [acid (9)]
  1490 | D        | Killed from afar by a yellow draconian

Illustrated notes

Levels and vault maps discovered:
D:        sprint_v [room_start, room_1, room_2, room_3, room_4, room_5, room_6,
          room_7, room_8, room_9, room_10, room_11, room_12, room_13, room_14,
          room_15, room_16, room_17, room_18, room_19, room_20, room_21,
          room_22, room_23, room_24, room_25, room_26, room_27]

Skill      XL: |  1  2  3  4  5  6  7  8  9 10 11 |
---------------+----------------------------------+-----
Dodging        | 4 7 8 9 10 11 | 11.8
Stealth        | 4 7 8 9 10 | 10.1
Spellcasting   | 5 10 11 12 13 15 18 | 18.5
Fire Magic     | 7 12 13 14 16 17 18 | 18.8
Evocations     | 1 5 6 7 9 10 12 | 12.0
Conjurations   | 2 5 8 11 | 11.7
Fighting       | |  0.8

Action                   |  1- 3 |  4- 6 |  7- 9 | 10-12 || total
-------------------------+-------+-------+-------+-------++-------
 Cast: Foxfire           |       |       |     2 |       ||     2
       Sticky Flame      |       |       |     1 |     1 ||     2
       Fireball          |       |       |    13 |    24 ||    37
Evoke: Wand              |     2 |     6 |     3 |     5 ||    16
       Lightning rod     |     1 |     5 |       |    10 ||    16
       Condenser vane    |       |       |       |     5 ||     5
  Use: Scroll            |       |     1 |     1 |     1 ||     3
       Potion            |       |       |     1 |     2 ||     3
Armor: Robe              |     1 |       |       |     3 ||     4
Dodge: Dodged            |       |       |     3 |     6 ||     9

Table legend: (Time is in decaauts)
 A = Elapsed time spent in this place.
 B = Non-inter-level travel time spent in this place.
 C = Inter-level travel time spent in this place.
 D = Time resting spent in this place.
 E = Time spent auto-exploring this place.
 F = Levels seen in this place.
 G = Mean time per level.
                   A        B        C        D        E       F      G
               +--------+--------+--------+--------+--------+-----+--------+
         Total |   1487 |   1487 |      0 |   1003 |      0 |   1 | 1487.0 |
       Dungeon |   1487 |   1487 |      0 |   1003 |      0 |   1 | 1487.0 |
               +--------+--------+--------+--------+--------+-----+--------+

Top non-repeatable levels by time:
       D: 1487 daAuts
